AoeStats
← CazadorGT

Lombardia

509180656Analyzed
3v3 RM · 7d ago on Sep 25, 2026· 15m 27s· 6 players
Game mode
Random Map
Map size
Normal (6 player)
Population
200
Speed
Normal
Resources
Standard
Victory
Conquest
Starting age
Dark Age
Ending age
Imperial Age
RankedLock teamsTeams togetherTeam positionsShared explorationLock speedFull tech treeHidden civsTurbo modeCheats
Victory
Defeat
🇬🇹 Magyars · Guatemala
1342
+9
🇬🇹 Huns · Guatemala
1126
+18
🇮🇹 Mongols · Italy
1038
+21
🇦🇺 Hindustanis · Australia
1198
-17
🇬🇧 Danes · United Kingdom
1191
-17
🇦🇺 Bulgarians · Australia
1128
-14
CazadorGT
6:06 Loom
9:19 Feudal Age
11:57 Double-Bit Axe
12:48 Forging
13:15 Scale Barding Armor
14:56 Horse Collar
Balam
6:20 Loom
8:54 Feudal Age
9:45 Double-Bit Axe
9:40 Horse Collar
verbumdei76
2:47 Loom
11:22 Feudal Age
13:21 Town Watch
Monk
11:12 Feudal Age
9:49 Loom
16:03 Castle Age
ScotchAndSkirms
7:06 Loom
10:21 Feudal Age
16:01 Wheelbarrow
Pandamonium
9:37 Loom
11:54 Feudal Age
Connection lost

Rejoining the realm…

Still unreachable

The connection could not be restored.

Session expired

The server has moved on; the page needs a fresh start.